cohdb
Replays
Latest Replays
All Replays
Popular Replays
Top Player Replays
Match Explorer
How It Works
Community
CoH3 Stats
Reddit
Sign in to upload your games and track your stats! →
Sign in with Steam
Match 37789534
Unlisted
Match 37789534
Overview
Messages
Build Orders
End
Kradschützen Motorcycle Team
Selects Italian Combined Arms Battlegroup
Selects Bersaglieri Squad
Bersaglieri Squad
Bersaglieri Squad
Bersaglieri Squad
Construct Light Support Kompanie
Selects Bersaglieri Bolster
MG34 Team
Panzerjäger Mechanized Group
Selects Breda Model 30 Light Machine Guns
Assault Grenadier Squad
2.5-tonne Medical Truck
Fire Support Elements
(502) Bad Gateway
Nullgerät
0
0
Comments
sign in to comment!
No comments posted yet!